 Dungeon Crawl Stone Soup version 0.29.0-4-gdea44cf6ec (webtiles) character file.

Game seed: 986593336657923461

85999 qw the Peltast (level 15, -10/96 HPs)
             Began as a Gargoyle Berserker on Sept 6, 2022.
             Was an Elder of Trog.
             Mangled by an orc knight
             ... wielding a +1 glaive of holy wrath
              (41 damage)
             ... on level 2 of the Orcish Mines.
             The game lasted 00:10:10 (29723 turns).

qw the Peltast (Gargoyle Berserker)                Turns: 29723, Time: 00:10:10

Health: -10/96     AC: 29    Str: 28    XL:     15   Next: 85%
Magic:  15/15      EV: 12    Int:  8    God:    Trog [****..]
Gold:   934        SH: 24    Dex: 15    Spells: 14/14 levels left

rFire   . . .      SeeInvis .   w - +8 mithril axe "Arga" {speed, Will+}
rCold   + + +      Faith    .   j - +0 tower shield
rNeg    + + .      Spirit   .   x - +1 plate armour {rC+}
rPois   inf        Reflect  +   g - +2 helmet
rElec   +          Harm     .   r - +2 cloak
rCorr   .          Rampage  .   (no gloves)
Will    ++++.                   c - +2 pair of boots
Stlth   ..........              t - amulet of reflection
HPRegen 1.26/turn               v - ring of Fodackim {rC++ rN+ Dex+6}
MPRegen 0.14/turn               p - +4 ring of evasion

@: about to teleport, weakened, strong-willed, corroded, on berserk cooldown,
flying, regenerating, slowed, very slow
A: sickness immunity, AC +11, big wings, negative energy resistance 1,
electricity resistance, torment resistance 1, petrification resistance
a: Renounce Religion, Berserk, Trog's Hand, Brothers in Arms


You were on level 2 of the Orcish Mines.
You worshipped Trog.
Trog was greatly pleased with you.
You visited 3 branches of the dungeon, and saw 22 of its levels.

You collected 1726 gold pieces.
You spent 792 gold pieces at shops.


Innate Abilities, Weirdness & Mutations

You are immune to sickness and miasma.
Your stone body is resilient. (AC +11)
You are immune to poison.
Your large and strong wings let you fly.
You resist negative energy. (rN+)
You are resistant to electric shocks. (rElec)
You are resistant to unholy torment.
You are immune to petrification.


   Skills:
 - Level 12.0 Fighting
 + Level 15.9 Axes
 - Level 6.0 Throwing
 - Level 11.0 Armour
 - Level 4.0 Dodging
 - Level 16.3 Shields


You had 14 spell levels left.
You didn't know any spells.
Your spell library was empty.

Inventory:

Hand Weapons
 s - a +3 vampiric morningstar
 w - the +8 mithril axe "Arga" (weapon) {speed, Will+}
   (You acquired it on level 15 of the Dungeon)

   Attacks with this weapon are significantly faster.
   Will:      It increases your willpower.
Missiles
 d - 5 boomerangs
 z - 2 silver javelins (quivered)
Armour
 a - a +2 plate armour of poison resistance
 c - a +2 pair of boots (worn)
 g - a +2 helmet (worn)
 i - +0 fire dragon scales
 j - a +0 tower shield (worn)
 r - a +2 cloak (worn)
 x - a +1 plate armour of cold resistance (worn)
Jewellery
 e - a ring of fire
 f - a ring of fire
 p - a +4 ring of evasion (right hand)
 t - an amulet of reflection (around neck)
 v - the ring of Fodackim (left hand) {rC++ rN+ Dex+6}
   (You found it on level 14 of the Dungeon)

   [ring of dexterity]

   Dex:       It affects your dexterity (+6).
   rC:        It greatly protects you from cold.
   rN:        It protects you from negative energy.
 Y - a +4 ring of protection
Wands
 q - a wand of digging (4)
Scrolls
 h - 11 scrolls of identify
 o - 13 scrolls of teleportation
 y - a scroll of enchant weapon
Potions
 b - 2 potions of mutation
 k - 6 potions of curing
 l - 4 potions of cancellation
 m - 4 potions of haste
 n - 6 potions of heal wounds
 u - a potion of might

Dungeon Overview and Level Annotations

Branches:
Dungeon (15/15)            Temple (0/1) D:7            Lair (5/5) D:9
  Swamp (0/4) Lair:2       Spider (0/4) Lair:3        Slime (0/5) Lair:4
    Orc (2/2) D:11            Elf (0/3) Orc:2        Vaults (0/5) D:14
 Depths (0/4) D:15

Altars:
Ashenzari
Dithmenos
Fedhas
Gozag
Kikubaaqudgha
Okawaru
Qazlal
Sif Muna
Trog
Uskayaw
Xom
Yredelemnul
The Shining One

Shops:
D:3 (   D:6 *   D:9 [   D:13 [=   Orc:2 !*

Portals:
Abyss: D:7
Trove: D:12 (give 8 scrolls of fear)

Annotations:
D:2 1 runed translucent door, Crazy Yiuf
D:4 1 runed translucent door, qw's ghost, novice FoCA
D:7 2 transporters, qw's ghost, novice GrBe
D:15 1 runed translucent door, Vuirau's ghost, journeyman DsGl
Lair:1 2 transporters, qw's ghost, novice MiBe


Message History

29720 ||| INVOKING Brothers in Arms.
Your ogre goes berserk!
Trog will no longer gift you weapons.
The orc knight hits you but does no damage.
You block the orc knight's attack. You block the ice devil's attack.
The orc knight hits you with a +1 battleaxe of flaming.
The orc knight burns you. You block the ice devil's attack.
You block the orc knight's attack.
You hit the orc knight.
The orc knight is lightly wounded.
You hit the ice devil. You slash the orc sorcerer! You hit the orc sorcerer.
The orc knight hits you from afar with a +1 glaive of holy wrath!
You block the orc knight's attack. You block the orc sorcerer's attack.
The orc sorcerer hits you but does no damage.
The orc priest invokes the aid of Beogh against you.
Beogh smites you!
The ice devil hits you but does no damage.
You hear a shout!
29722 ||| READING 14 scrolls of teleportation.
As you read the scroll of teleportation, it crumbles to dust.
You feel strangely unstable.
Your ogre barely misses the orc sorcerer.
The orc sorcerer mumbles some strange words.
You block the orc knight's attack. x2; You block the orc sorcerer's attack.
The ice devil hits you but does no damage.
Your ogre hits the orc sorcerer with a +0 giant club!!!
The orc sorcerer dies!
Trog accepts your kill.
Trog appreciates your killing of a magic user.
The ice devil disappears in a puff of smoke!
The smoke demon disappears in a puff of smoke!
29723 ||| DRINKING 7 potions of heal wounds.
You feel much better. You block the orc knight's attack.
The orc knight hits you but does no damage.
You block the orc sorcerer's attack.
The orc knight hits you with a +1 battleaxe of flaming!
The orc knight burns you.
The orc knight hits you from afar with a +1 glaive of holy wrath!!!
You die...

....## ...#.###
...# ###....###.#.#
##...)..###...#
#.....)..###...##
[.....##..###.oo##
.)))..###..###6o.##
_.)..##
##..###o3o##
..)...##
##..##)@O.#.4
.......#
##..#)#..ยค..#
......##
##).)).......
...#.##
##)).#.#.#.. ....##
##..(...... ...##
##..#.#..# .###
#.....## ## #\.\# #
#.##


You could see a demonspawn, 2 orc knights, a neqoxec (summoned), 2 orc
sorcerers, an orc priest (strong) and a friendly ogre (summoned, berserk).

Vanquished Creatures
  An orc warlord (Orc:1)
  Nessos (D:13)
  Azrael (D:12)
  A fire dragon (D:15)
  Erolcha (D:12)
  An ice dragon (D:15)
  3 vault guards (D:14)
  A centaur warrior (D:14)
  2 ogre magi (D:14)
  A two-headed ogre (D:8)
  4 catoblepae
  3 hydras
  4 boulder beetles
  Erica (D:9)
  3 tengu warriors
  9 death yaks
  A death knight (D:14)
  Urug (D:12)
  2 orc high priests (Orc:2)
  Sonja (Lair:4)
  A fire crab (D:14)
  5 skeletal warriors
  A harpy (shapeshifter) (D:15)
  2 wizards (D:14)
  Pikel (D:9)
  5 orc knights
  A deep elf pyromancer (D:13)
  A wolf spider (D:15)
  9 manticores
  A necromancer (D:13)
  11 ugly things
  2 orc sorcerers
  A cyclops (D:11)
  A rust devil (Orc:2)
  An elephant (shapeshifter) (D:14)
  6 black mambas
  Maurice (D:11)
  Joseph (D:10)
  An orange demon (Orc:2)
  8 cane toads
  Maggie (D:9)
  A gargoyle (D:14)
  10 komodo dragons
  An efreet (D:14)
  A freezing wraith (D:14)
  4 rime drakes
  A hellwing (Orc:2)
  An unseen horror (D:10)
  A tengu conjurer (D:14)
  Psyche (D:10)
  A queen bee (D:15)
  5 trolls
  Grinder (D:3)
  A hornet (D:11)
  3 meliai (D:15)
  2 tyrant leeches (Lair:2)
  10 blink frogs
  8 slime creatures
  A raiju (shapeshifter) (D:15)
  3 culicivoras (Lair:3)
  4 shadows
  5 wraiths
  36 yaks
  5 wyverns
  2 humans (D:14)
  A vampire (D:12)
  3 basilisks
  4 fire elementals (D:12)
  A steam dragon (D:7)
  6 vampire mosquitoes (D:11)
  A neqoxec (Orc:2)
  A chaos spawn (Orc:2)
  A naga (shapeshifter) (D:14)
  4 wargs
  Edmund (D:5)
  A warg (shapeshifter) (D:14)
  A swamp worm (Lair:2)
  A two-headed ogre zombie (D:11)
  15 water moccasins
  32 orc warriors
  2 ogres
  10 wolves
  6 centaurs
  4 phantoms
  2 lemures
  2 kobold brigands
  A gnoll sergeant (D:9)
  8 bullfrogs
  2 scorpions (D:4)
  A hornet simulacrum (D:14)
  14 wights
  3 troll zombies (D:11)
  6 electric eels
  34 killer bees
  2 howler monkeys
  3 bullfrog zombies (D:5)
  2 jellies
  20 orc priests
  2 gnoll boudas
  7 hounds
  2 iguanas
  15 orc wizards
  Ijyb (D:4)
  Natasha (thrice) (D:4)
  A killer bee zombie (D:5)
  3 ogre zombies (D:11)
  5 hound zombies (D:5)
  A hound skeleton (D:5)
  Robin (D:2)
  A howler monkey zombie (D:5)
  7 adders
  18 gnolls
  A shadow imp (D:7)
  2 white imps
  2 ufetubi
  3 dart slugs
  72 orcs
  7 ball pythons
  3 bats
  5 endoplasms
  13 goblins
  5 hobgoblins
  4 jackals (D:2)
  23 kobolds
  2 quokkas (D:1)
  A frilled lizard (D:3)
  3 goblin zombies
  3 hobgoblin skeletons (D:11)
  A hobgoblin zombie (D:11)
  An orc skeleton (D:11)
  18 orc zombies (D:11)
  6 rats
648 creatures vanquished.

Vanquished Creatures (collateral kills)
  4 hydras
  An orc knight (Orc:1)
  An orc sorcerer (Orc:2)
  An orc warrior (Orc:2)
7 creatures vanquished.

Vanquished Creatures (others)
  A deep elf pyromancer (D:14)
  A hog (shapeshifter) (D:14)
  23 fungi
  46 plants
  5 withered plants
76 creatures vanquished.

Grand Total: 731 creatures vanquished

Notes
Turn   | Place    | Note
-------+----------+-------------------------------------------
     0 | D:1      | qw the Gargoyle Berserker began the quest for the Orb.
     0 | D:1      | Reached XP level 1. HP: 14/14 MP: 1/1
     0 | D:1      | 0 ||| qw: Version: 0.1-a-107-g9ff403c
     0 | D:1      | 0 ||| qw: Game counter: 6133
     0 | D:1      | 0 ||| qw: Always use a shield: true
     0 | D:1      | 0 ||| qw: Do Orc after D:15 true
     0 | D:1      | 0 ||| qw: Do second Lair branch before Depths: true
     0 | D:1      | 0 ||| qw: Lair rune preference: random
     0 | D:1      | 0 ||| qw: Plans: Normal
     0 | D:1      | 0 ||| PLANNING D:1-11
   111 | D:1      | 111 ||| INVOKING Berserk.
   113 | D:1      | Reached skill level 3 in Axes
   314 | D:1      | Reached XP level 2. HP: 17/19 MP: 2/2
   323 | D:1      | 323 ||| INVOKING Berserk.
   650 | D:1      | 650 ||| DROPPING +0 club.
   660 | D:1      | Found a faded altar of an unknown god.
   704 | D:1      | 704 ||| Stepping ~*~*~tactically~*~*~ (hiding).
   806 | D:1      | 806 ||| Stepping ~*~*~tactically~*~*~ (hiding).
   909 | D:1      | 909 ||| Stepping ~*~*~tactically~*~*~ (hiding).
  1063 | D:1      | 1063 ||| INVOKING Berserk.
  1305 | D:1      | Reached XP level 3. HP: 18/23 MP: 3/3
  1602 | D:1      | 1602 ||| UPGRADING to +0 helmet.
  1607 | D:1      | 1607 ||| UPGRADING to +0 leather armour.
  1617 | D:1      | 1617 ||| DROPPING +0 animal skin.
  1618 | D:1      | 1618 ||| UPGRADING to +4 ring of protection.
  1619 | D:1      | 1619 ||| READING scroll labelled MAIRANELLE.
  1620 | D:1      | 1620 ||| READING scroll labelled CODGHI TEECE.
  1621 | D:1      | 1621 ||| READING scroll labelled ACLYMA GELESIQ.
  1622 | D:1      | 1622 ||| READING 2 scrolls labelled JUJO PESHOSHRI.
  1623 | D:1      | 1623 ||| DROPPING scroll of vulnerability.
  1665 | D:2      | 1665 ||| Stepping ~*~*~tactically~*~*~ (stealth).
  1666 | D:2      | 1666 ||| Stepping ~*~*~tactically~*~*~ (stealth).
  1805 | D:2      | Noticed Robin
  1809 | D:2      | Reached XP level 4. HP: 27/28 MP: 4/4
  1813 | D:2      | 1813 ||| INVOKING Berserk.
  1818 | D:2      | Killed Robin
  1823 | D:2      | Reached ** piety under Trog
  2103 | D:2      | 2103 ||| Stepping ~*~*~tactically~*~*~ (hiding).
  2144 | D:2      | 2144 ||| Stepping ~*~*~tactically~*~*~ (stealth).
  2202 | D:2      | 2202 ||| INVOKING Berserk.
  2328 | D:2      | 2328 ||| DROPPING +0 whip.
  2452 | D:2      | Reached XP level 5. HP: 32/32 MP: 5/5
  2648 | D:2      | Found a runed translucent door.
  2649 | D:2      | Noticed Crazy Yiuf
  2881 | D:2      | 2881 ||| UPGRADING to +0 ring mail.
  2891 | D:2      | 2891 ||| DROPPING +0 leather armour.
  2892 | D:2      | 2892 ||| READING scroll labelled TOHYBB HIKA.
  2976 | D:2      | 2976 ||| READING scroll labelled ABREET BUZIHOU.
  2977 | D:2      | 2977 ||| DRINKING 2 ruby potions.
  3032 | D:3      | Noticed Grinder
  3033 | D:3      | 3033 ||| INVOKING Trog's Hand.
  3038 | D:3      | 3038 ||| Stepping ~*~*~tactically~*~*~ (hiding).
  3040 | D:3      | 3040 ||| INVOKING Berserk.
  3058 | D:3      | HP: 8/33 [Grinder (2)]
  3064 | D:3      | 3064 ||| Stepping ~*~*~tactically~*~*~ (hiding).
  3072 | D:3      | 3072 ||| INVOKING Berserk.
  3077 | D:3      | Killed Grinder
  3078 | D:3      | Reached skill level 6 in Fighting
  3078 | D:3      | Reached XP level 6. HP: 19/41 MP: 6/6
  3335 | D:3      | 3335 ||| Stepping ~*~*~tactically~*~*~ (hiding).
  3343 | D:3      | 3343 ||| DRINKING potion of curing.
  3343 | D:3      | 3343 ||| (to cure confusion)
  3403 | D:3      | Found Lotzimm's Antique Weapon Shoppe.
  3482 | D:3      | Found a shadowy altar of Dithmenos.
  3645 | D:3      | Found a shimmering blue altar of Sif Muna.
  3847 | D:3      | 3847 ||| UPGRADING to quicksilver dragon scales.
  3857 | D:3      | 3857 ||| DROPPING +0 ring mail.
  3858 | D:3      | 3858 ||| UPGRADING to +4 ring of evasion.
  3859 | D:3      | 3859 ||| READING scroll labelled NORIPHAPEU.
  3860 | D:3      | 3860 ||| READING scroll labelled YRYSKE WO RUTHRU.
  3861 | D:3      | 3861 ||| DRINKING 2 fuming emerald potions.
  4000 | D:4      | Noticed Natasha
  4003 | D:4      | 4003 ||| INVOKING Berserk.
  4007 | D:4      | Killed Natasha
  4075 | D:4      | Noticed Natasha
  4076 | D:4      | 4076 ||| Stepping ~*~*~tactically~*~*~ (stealth).
  4081 | D:4      | 4081 ||| INVOKING Berserk.
  4083 | D:4      | Killed Natasha
  4084 | D:4      | Reached XP level 7. HP: 46/46 MP: 7/7
  4209 | D:4      | 4209 ||| Stepping ~*~*~tactically~*~*~ (stealth).
  4211 | D:4      | Found an ancient bone altar of Kikubaaqudgha.
  4267 | D:4      | Noticed Ijyb
  4268 | D:4      | 4268 ||| Stepping ~*~*~tactically~*~*~ (hiding).
  4273 | D:4      | 4273 ||| INVOKING Berserk.
  4278 | D:4      | Killed Ijyb
  4466 | D:4      | Noticed Natasha
  4467 | D:4      | 4467 ||| INVOKING Berserk.
  4469 | D:4      | Killed Natasha
  4587 | D:4      | 4587 ||| Stepping ~*~*~tactically~*~*~ (stealth).
  4694 | D:4      | 4694 ||| READING scroll of enchant armour.
  4694 | D:4      | 4694 ||| ENCHANTING +0 helmet.
  4721 | D:4      | Reached skill level 6 in Axes
  4830 | D:4      | Reached skill level 3 in Armour
  4921 | D:4      | 4921 ||| INVOKING Berserk.
  4932 | D:4      | Reached XP level 8. HP: 51/51 MP: 8/8
  5128 | D:4      | Found a runed translucent door.
  5129 | D:4      | Noticed a wyvern
  5129 | D:4      | Noticed qw's ghost (novice FoCA)
  5260 | D:4      | 5260 ||| READING scroll labelled SUUTUE LULE.
  5261 | D:4      | 5261 ||| DRINKING 3 viscous green potions.
  5282 | D:5      | Entered Level 5 of the Dungeon
  5297 | D:5      | Reached skill level 1 in Throwing
  5298 | D:5      | Found a glowing golden altar of the Shining One.
  5803 | D:5      | 5803 ||| Stepping ~*~*~tactically~*~*~ (stealth).
  5821 | D:5      | Noticed Edmund
  5823 | D:5      | 5823 ||| INVOKING Berserk.
  5833 | D:5      | Killed Edmund
  5854 | D:5      | Reached skill level 9 in Axes
  5959 | D:5      | 5959 ||| DROPPING +0 flail.
  6372 | D:5      | 6372 ||| UPGRADING to +0 pair of boots.
  6377 | D:5      | 6377 ||| UPGRADING to +0 tower shield.
  6470 | D:6      | 6470 ||| INVOKING Berserk.
  6473 | D:6      | Reached skill level 1 in Shields
  6685 | D:6      | Identified the +3 morningstar of Ragnarok {flame, Int+4}
  6687 | D:6      | 6687 ||| DROPPING +5 vorpal flail.
  6729 | D:6      | 6729 ||| Stepping ~*~*~tactically~*~*~ (hiding).
  6732 | D:6      | 6732 ||| Stepping ~*~*~tactically~*~*~ (hiding).
  6738 | D:6      | Reached skill level 2 in Shields
  6747 | D:6      | Reached skill level 3 in Shields
  6747 | D:6      | Reached XP level 9. HP: 55/55 MP: 9/9
  6799 | D:6      | 6799 ||| Stepping ~*~*~tactically~*~*~ (stealth).
  6802 | D:6      | 6802 ||| Stepping ~*~*~tactically~*~*~ (stealth).
  6805 | D:6      | 6805 ||| Stepping ~*~*~tactically~*~*~ (stealth).
  6807 | D:6      | 6807 ||| Stepping ~*~*~tactically~*~*~ (stealth).
  6821 | D:6      | Reached skill level 4 in Shields
  6905 | D:6      | Found Eppadu's Assorted Antiques.
  6908 | D:6      | Found a hide-covered altar of Uskayaw.
  6926 | D:6      | 6926 ||| BUYING lumpy pink potion (27 gold).
  6926 | D:6      | Bought a lumpy pink potion for 27 gold pieces
  6926 | D:6      | 6926 ||| BUYING potion of heal wounds (150 gold).
  6926 | D:6      | Bought a potion of heal wounds for 150 gold pieces
  6926 | D:6      | 6926 ||| BUYING scroll labelled OCAFETT MAZI (30 gold).
  6926 | D:6      | Bought a scroll labelled OCAFETT MAZI for 30 gold pieces
  6926 | D:6      | 6926 ||| SHOPLISTING scroll of enchant armour (225 gold,
                  | have 84).
  6926 | D:6      | 6926 ||| BUYING scroll of identify (60 gold).
  6926 | D:6      | Bought a scroll of identify for 60 gold pieces
  6926 | D:6      | 6926 ||| SHOPLISTING shiny sapphire ring (150 gold, have
                  | 24).
  6947 | D:6      | Found a stormy altar of Qazlal.
  7026 | D:6      | 7026 ||| READING scroll of enchant weapon.
  7026 | D:6      | 7026 ||| ENCHANTING +1 hand axe.
  7423 | D:6      | 7423 ||| READING scroll labelled ZEIBLA GOFID.
  7423 | D:6      | Identified a scroll of acquirement
  7423 | D:6      | 7423 ||| ACQUIRING +0 broad axe of venom
  7423 | D:6      | Acquired a +0 broad axe of venom
  7425 | D:6      | 7425 ||| SWAPPING to +0 broad axe of venom.
  7426 | D:6      | 7426 ||| DROPPING +2 hand axe.
  7427 | D:6      | 7427 ||| READING scroll labelled OCAFETT MAZI.
  7428 | D:6      | 7428 ||| DRINKING 4 smoky purple potions.
  7429 | D:6      | 7429 ||| READING 5 scrolls of identify.
  7429 | D:6      | 7429 ||| IDENTIFYING coppery potion
  7430 | D:6      | 7430 ||| READING 4 scrolls of identify.
  7430 | D:6      | 7430 ||| IDENTIFYING green potion
  7431 | D:6      | 7431 ||| READING 3 scrolls of identify.
  7431 | D:6      | 7431 ||| IDENTIFYING lumpy silvery potion
  7432 | D:6      | 7432 ||| READING 2 scrolls of identify.
  7432 | D:6      | 7432 ||| IDENTIFYING puce potion
  7433 | D:6      | 7433 ||| DROPPING potion of flight.
  7434 | D:6      | 7434 ||| DROPPING 3 potions of attraction.
  7435 | D:6      | 7435 ||| DROPPING potion of brilliance.
  7436 | D:6      | 7436 ||| DROPPING potion of berserk rage.
  7444 | D:7      | 7444 ||| PLANNING OSSUARY
  7514 | D:7      | 7514 ||| READING scroll of enchant armour.
  7514 | D:7      | 7514 ||| ENCHANTING +1 helmet.
  7520 | D:7      | 7520 ||| Stepping ~*~*~tactically~*~*~ (hiding).
  7521 | D:7      | 7521 ||| Stepping ~*~*~tactically~*~*~ (hiding).
  7521 | D:7      | Found an iron altar of Okawaru.
  7649 | D:7      | Reached skill level 5 in Shields
  7662 | D:7      | 7662 ||| INVOKING Berserk.
  8004 | D:7      | Found a sand-covered staircase.
  8012 | D:7      | 8012 ||| READING scroll labelled WUCHISCH ELYCVEVOMY.
  8025 | D:7      | 8025 ||| Stepping ~*~*~tactically~*~*~ (stealth).
  8040 | D:7      | Reached skill level 6 in Shields
  8230 | D:7      | Found a transporter.
  8232 | D:7      | Found a transporter.
  8262 | D:7      | 8262 ||| RIP OSSUARY
  8262 | D:7      | 8262 ||| PLANNING D:1-11
  8270 | D:7      | Found a one-way gate to the infinite horrors of the Abyss.
  8270 | D:7      | Noticed qw's ghost (novice GrBe)
  8314 | D:7      | Found a staircase to the Ecumenical Temple.
  8693 | D:7      | 8693 ||| INVOKING Berserk.
  8941 | D:8      | 8941 ||| INVOKING Berserk.
  8950 | D:8      | Reached skill level 7 in Shields
  9046 | D:8      | 9046 ||| Stepping ~*~*~tactically~*~*~ (stealth).
  9047 | D:8      | 9047 ||| Stepping ~*~*~tactically~*~*~ (stealth).
  9051 | D:8      | 9051 ||| Stepping ~*~*~tactically~*~*~ (stealth).
  9056 | D:8      | 9056 ||| Stepping ~*~*~tactically~*~*~ (stealth).
  9059 | D:8      | 9059 ||| Stepping ~*~*~tactically~*~*~ (stealth).
  9071 | D:8      | Reached *** piety under Trog
  9076 | D:8      | 9076 ||| READING scroll of enchant armour.
  9076 | D:8      | 9076 ||| ENCHANTING +0 pair of boots.
  9094 | D:8      | 9094 ||| Stepping ~*~*~tactically~*~*~ (hiding).
  9103 | D:8      | Reached skill level 8 in Shields
  9179 | D:8      | Reached skill level 9 in Shields
  9268 | D:8      | 9268 ||| READING scroll of enchant weapon.
  9268 | D:8      | 9268 ||| ENCHANTING +0 broad axe of venom.
  9297 | D:8      | 9297 ||| READING scroll of enchant weapon.
  9297 | D:8      | 9297 ||| ENCHANTING +1 broad axe of venom.
  9299 | D:8      | Identified the ring of Foicwiwk {Fly rPois Int+6}
  9426 | D:8      | 9426 ||| Stepping ~*~*~tactically~*~*~ (hiding).
  9517 | D:8      | 9517 ||| INVOKING Berserk.
  9520 | D:8      | Noticed a two-headed ogre
  9525 | D:8      | Reached XP level 10. HP: 60/60 MP: 10/10
  9531 | D:8      | Killed a two-headed ogre
  9532 | D:8      | Reached skill level 10 in Shields
  9758 | D:8      | Reached skill level 11 in Shields
  9967 | D:8      | 9967 ||| DROPPING ring of Foicwiwk {Fly rPois Int+6}.
  9968 | D:8      | 9968 ||| READING 2 scrolls of identify.
  9968 | D:8      | 9968 ||| IDENTIFYING sapphire potion
  9969 | D:8      | 9969 ||| DROPPING potion of ambrosia.
  9997 | D:9      | 9997 ||| STAIRDANCE
 10041 | D:9      | 10041 ||| Stepping ~*~*~tactically~*~*~ (hiding).
 10041 | D:9      | Found Weihosh's Antique Armour Shop.
 10042 | D:9      | Noticed Pikel
 10043 | D:9      | 10043 ||| Stepping ~*~*~tactically~*~*~ (hiding).
 10048 | D:9      | Killed Pikel
 10059 | D:9      | 10059 ||| Stepping ~*~*~tactically~*~*~ (stealth).
 10066 | D:9      | 10066 ||| Stepping ~*~*~tactically~*~*~ (hiding).
 10090 | D:9      | 10090 ||| SHOPLISTING garnet-encrusted shadow dragon scales
                  | (2890 gold, have 144).
 10090 | D:9      | 10090 ||| SHOPLISTING plate armour (782 gold, have 144).
 10115 | D:9      | Noticed Maggie
 10128 | D:9      | Killed Maggie
 10128 | D:9      | Reached **** piety under Trog
 10134 | D:9      | 10134 ||| FLEEEEING.
 10135 | D:9      | 10135 ||| FLEEEEING.
 10136 | D:9      | 10136 ||| FLEEEEING.
 10137 | D:9      | 10137 ||| FLEEEEING.
 10138 | D:9      | 10138 ||| FLEEEEING.
 10139 | D:9      | 10139 ||| STAIRDANCE
 10269 | D:9      | Found a staircase to the Lair.
 10270 | D:9      | 10270 ||| FLEEEEING.
 10273 | D:9      | 10273 ||| INVOKING Berserk.
 10276 | D:9      | Reached skill level 12 in Shields
 10359 | D:9      | 10359 ||| INVOKING Berserk.
 10420 | D:9      | 10420 ||| INVOKING Berserk.
 10468 | D:9      | 10468 ||| FLEEEEING.
 10469 | D:9      | 10469 ||| FLEEEEING.
 10581 | D:9      | 10581 ||| INVOKING Berserk.
 10890 | D:9      | 10890 ||| READING scroll of enchant armour.
 10890 | D:9      | 10890 ||| ENCHANTING +1 pair of boots.
 10989 | D:9      | Reached XP level 11. HP: 65/67 MP: 11/11
 11019 | D:9      | Noticed Erica
 11039 | D:9      | Killed Erica
 11267 | D:9      | Found an ancient bone altar of Kikubaaqudgha.
 11269 | D:9      | Found an ancient bone altar of Kikubaaqudgha.
 11269 | D:9      | Found a hide-covered altar of Uskayaw.
 11271 | D:9      | Found a shimmering altar of Xom.
 11271 | D:9      | Found a basalt altar of Yredelemnul.
 11271 | D:9      | Found a broken altar of Ashenzari.
 11317 | D:9      | 11317 ||| PLANNING LAIR
 11317 | D:9      | 11317 ||| READING scroll labelled UHICUM KARA.
 11370 | Lair:1   | Entered Level 1 of the Lair of Beasts
 11386 | Lair:1   | 11386 ||| Stepping ~*~*~tactically~*~*~ (stealth).
 11403 | Lair:1   | 11403 ||| INVOKING Berserk.
 11527 | Lair:1   | Found a transporter.
 11532 | Lair:1   | 11532 ||| INVOKING Berserk.
 11641 | Lair:1   | Found a transporter.
 11641 | Lair:1   | Noticed a spriggan rider
 11725 | Lair:1   | 11725 ||| INVOKING Berserk.
 11761 | Lair:1   | 11761 ||| Stepping ~*~*~tactically~*~*~ (stealth).
 11845 | Lair:1   | Found a bloodstained altar of Trog.
 11845 | Lair:1   | Noticed a moth of wrath
 11868 | Lair:1   | Noticed qw's ghost (novice MiBe)
 12078 | Lair:1   | 12078 ||| Stepping ~*~*~tactically~*~*~ (stealth).
 12090 | Lair:1   | Reached skill level 13 in Shields
 12162 | Lair:1   | 12162 ||| INVOKING Berserk.
 12325 | Lair:1   | 12325 ||| INVOKING Berserk.
 12650 | Lair:1   | 12650 ||| INVOKING Berserk.
 12965 | Lair:1   | 12965 ||| READING scroll labelled POGHEO WOSER.
 12966 | Lair:1   | 12966 ||| DRINKING 2 lumpy pink potions.
 13002 | Lair:1   | 13002 ||| DROPPING potion of lignification.
 13025 | Lair:2   | Noticed a boulder beetle
 13029 | Lair:2   | 13029 ||| INVOKING Berserk.
 13037 | Lair:2   | Killed a boulder beetle
 13251 | Lair:2   | 13251 ||| INVOKING Berserk.
 13404 | Lair:2   | 13404 ||| INVOKING Berserk.
 13673 | Lair:2   | Noticed a four-headed hydra
 13677 | Lair:2   | 13677 ||| SWAPPING to +3 morningstar of Ragnarok {flame,
                  | Int+4}.
 13678 | Lair:2   | 13678 ||| INVOKING Berserk.
 13685 | Lair:2   | Killed a four-headed hydra
 13686 | Lair:2   | Reached skill level 6 in Armour
 13686 | Lair:2   | Reached XP level 12. HP: 73/73 MP: 12/12
 13703 | Lair:2   | 13703 ||| SWAPPING to +2 broad axe of venom.
 13848 | Lair:2   | Found a staircase to the Swamp.
 13854 | Lair:2   | 13854 ||| Stepping ~*~*~tactically~*~*~ (hiding).
 13857 | Lair:2   | 13857 ||| INVOKING Berserk.
 14097 | Lair:2   | 14097 ||| Stepping ~*~*~tactically~*~*~ (stealth).
 14128 | Lair:2   | 14128 ||| INVOKING Berserk.
 14302 | Lair:2   | 14302 ||| INVOKING Berserk.
 14488 | Lair:2   | 14488 ||| INVOKING Berserk.
 14493 | Lair:2   | Reached skill level 9 in Fighting
 14701 | Lair:2   | 14701 ||| INVOKING Berserk.
 14877 | Lair:2   | 14877 ||| READING 3 scrolls of identify.
 14877 | Lair:2   | 14877 ||| IDENTIFYING smoky puce potion
 14878 | Lair:2   | 14878 ||| READING 2 scrolls of identify.
 14878 | Lair:2   | 14878 ||| IDENTIFYING metallic yellow potion
 14879 | Lair:2   | 14879 ||| DROPPING potion of invisibility.
 14914 | Lair:3   | 14914 ||| PLANNING GAUNTLET
 14923 | Lair:3   | Reached skill level 14 in Shields
 15136 | Lair:3   | 15136 ||| Stepping ~*~*~tactically~*~*~ (stealth).
 15258 | Lair:3   | 15258 ||| INVOKING Berserk.
 15350 | Lair:3   | 15350 ||| RIP GAUNTLET
 15381 | Lair:3   | 15381 ||| PLANNING LAIR
 15394 | Lair:3   | 15394 ||| READING scroll of acquirement.
 15394 | Lair:3   | 15394 ||| ACQUIRING +3 vampiric morningstar
 15394 | Lair:3   | Acquired a +3 vampiric morningstar
 15396 | Lair:3   | 15396 ||| DROPPING +3 morningstar of Ragnarok {flame,
                  | Int+4}.
 15497 | Lair:3   | 15497 ||| INVOKING Berserk.
 15587 | Lair:3   | 15587 ||| FLEEEEING.
 15588 | Lair:3   | 15588 ||| FLEEEEING.
 15697 | Lair:3   | 15697 ||| Stepping ~*~*~tactically~*~*~ (stealth).
 16035 | Lair:3   | 16035 ||| Stepping ~*~*~tactically~*~*~ (hiding).
 16151 | Lair:3   | Found a hole to the Spider Nest.
 16338 | Lair:3   | 16338 ||| FLEEEEING.
 16339 | Lair:3   | 16339 ||| FLEEEEING.
 16341 | Lair:3   | 16341 ||| FLEEEEING.
 16432 | Lair:3   | 16432 ||| FLEEEEING.
 16433 | Lair:3   | 16433 ||| FLEEEEING.
 16434 | Lair:3   | 16434 ||| FLEEEEING.
 16435 | Lair:3   | 16435 ||| FLEEEEING.
 16438 | Lair:3   | 16438 ||| FLEEEEING.
 16439 | Lair:3   | 16439 ||| FLEEEEING.
 16448 | Lair:3   | 16448 ||| STAIRDANCE
 16541 | Lair:2   | 16541 ||| DROPPING ring of magical power.
 16542 | Lair:2   | 16542 ||| READING scroll labelled GAHYQI VACA SIDED.
 16543 | Lair:2   | 16543 ||| DRINKING 2 emerald potions.
 16544 | Lair:2   | 16544 ||| READING 2 scrolls of identify.
 16544 | Lair:2   | 16544 ||| IDENTIFYING fizzy purple potion
 16545 | Lair:2   | 16545 ||| DROPPING potion of degeneration.
 16701 | Lair:4   | Noticed a death yak
 16702 | Lair:4   | Noticed a death yak
 16703 | Lair:4   | Noticed a death yak
 16706 | Lair:4   | 16706 ||| INVOKING Berserk.
 16712 | Lair:4   | Killed a death yak
 16713 | Lair:4   | Reached skill level 12 in Axes
 16716 | Lair:4   | Killed a death yak
 16720 | Lair:4   | Killed a death yak
 16738 | Lair:4   | 16738 ||| FLEEEEING.
 16740 | Lair:4   | 16740 ||| STAIRDANCE
 16892 | Lair:4   | 16892 ||| Stepping ~*~*~tactically~*~*~ (stealth).
 16895 | Lair:4   | 16895 ||| INVOKING Berserk.
 16897 | Lair:4   | Noticed Sonja
 16908 | Lair:4   | Killed Sonja
 17110 | Lair:4   | 17110 ||| Stepping ~*~*~tactically~*~*~ (stealth).
 17111 | Lair:4   | 17111 ||| Stepping ~*~*~tactically~*~*~ (stealth).
 17122 | Lair:4   | Found a staircase to the Slime Pits.
 17143 | Lair:4   | 17143 ||| INVOKING Berserk.
 17151 | Lair:4   | Reached XP level 13. HP: 80/80 MP: 13/13
 17273 | Lair:4   | Identified the +10 mace of Fate {flame, rC+ rN+++ Will+
                  | Int-5}
 17372 | Lair:4   | 17372 ||| INVOKING Berserk.
 18045 | Lair:5   | Entered Level 5 of the Lair of Beasts
 18075 | Lair:5   | 18075 ||| INVOKING Brothers in Arms.
 18076 | Lair:5   | 18076 ||| INVOKING Brothers in Arms.
 18077 | Lair:5   | 18077 ||| INVOKING Brothers in Arms.
 18078 | Lair:5   | 18078 ||| SWAPPING to +3 vampiric morningstar.
 18079 | Lair:5   | 18079 ||| INVOKING Berserk.
 18088 | Lair:5   | 18088 ||| SWAPPING to +2 broad axe of venom.
 18231 | Lair:5   | 18231 ||| SWAPPING to +3 vampiric morningstar.
 18232 | Lair:5   | 18232 ||| INVOKING Berserk.
 18246 | Lair:5   | 18246 ||| SWAPPING to +2 broad axe of venom.
 18410 | Lair:5   | 18410 ||| Stepping ~*~*~tactically~*~*~ (stealth).
 18412 | Lair:5   | 18412 ||| Stepping ~*~*~tactically~*~*~ (stealth).
 18414 | Lair:5   | 18414 ||| Stepping ~*~*~tactically~*~*~ (stealth).
 18470 | Lair:5   | 18470 ||| INVOKING Berserk.
 18592 | Lair:5   | 18592 ||| INVOKING Berserk.
 18711 | Lair:5   | 18711 ||| Stepping ~*~*~tactically~*~*~ (stealth).
 18714 | Lair:5   | 18714 ||| Stepping ~*~*~tactically~*~*~ (stealth).
 18715 | Lair:5   | 18715 ||| Stepping ~*~*~tactically~*~*~ (stealth).
 18721 | Lair:5   | 18721 ||| INVOKING Berserk.
 18723 | Lair:5   | Reached skill level 15 in Shields
 18839 | Lair:5   | 18839 ||| INVOKING Berserk.
 18848 | Lair:5   | Reached skill level 3 in Dodging
 18931 | Lair:5   | 18931 ||| INVOKING Berserk.
 18979 | Lair:5   | 18979 ||| INVOKING Berserk.
 19104 | Lair:5   | 19104 ||| INVOKING Berserk.
 19232 | Lair:5   | 19232 ||| INVOKING Berserk.
 19457 | Lair:5   | 19457 ||| INVOKING Berserk.
 19647 | Lair:5   | 19647 ||| Stepping ~*~*~tactically~*~*~ (stealth).
 19652 | Lair:5   | 19652 ||| Stepping ~*~*~tactically~*~*~ (stealth).
 19663 | Lair:5   | 19663 ||| Stepping ~*~*~tactically~*~*~ (stealth).
 19858 | Lair:5   | 19858 ||| INVOKING Berserk.
 20390 | Lair:5   | 20390 ||| PLANNING D:1-11
 20515 | D:10     | Entered Level 10 of the Dungeon
 20515 | D:10     | Noticed Joseph
 20522 | D:10     | Killed Joseph
 20610 | D:10     | 20610 ||| READING scroll of enchant weapon.
 20610 | D:10     | 20610 ||| ENCHANTING +2 broad axe of venom.
 20679 | D:10     | 20679 ||| Stepping ~*~*~tactically~*~*~ (stealth).
 20681 | D:10     | 20681 ||| Stepping ~*~*~tactically~*~*~ (stealth).
 20800 | D:10     | 20800 ||| INVOKING Berserk.
 20953 | D:10     | Found an opulent altar of Gozag.
 21137 | D:10     | Found a blossoming altar of Fedhas.
 21186 | D:10     | Noticed Psyche
 21187 | D:10     | 21187 ||| Stepping ~*~*~tactically~*~*~ (hiding).
 21189 | D:10     | 21189 ||| Stepping ~*~*~tactically~*~*~ (hiding).
 21192 | D:10     | 21192 ||| INVOKING Berserk.
 21197 | D:10     | Killed Psyche
 21198 | D:10     | Gained mutation: Your large and strong wings let you fly.
                  | [Gargoyle growth]
 21198 | D:10     | Reached XP level 14. HP: 88/88 MP: 14/14
 21426 | D:11     | 21426 ||| Stepping ~*~*~tactically~*~*~ (stealth).
 21437 | D:11     | 21437 ||| Stepping ~*~*~tactically~*~*~ (stealth).
 21502 | D:11     | 21502 ||| READING scroll of acquirement.
 21502 | D:11     | 21502 ||| ACQUIRING amulet of reflection
 21502 | D:11     | Acquired an amulet of reflection
 21504 | D:11     | 21504 ||| UPGRADING to amulet of reflection.
 21641 | D:11     | 21641 ||| Stepping ~*~*~tactically~*~*~ (stealth).
 21643 | D:11     | 21643 ||| Stepping ~*~*~tactically~*~*~ (hiding).
 21684 | D:11     | 21684 ||| Stepping ~*~*~tactically~*~*~ (stealth).
 21688 | D:11     | Found a staircase to the Orcish Mines.
 21690 | D:11     | 21690 ||| Stepping ~*~*~tactically~*~*~ (stealth).
 21691 | D:11     | 21691 ||| Stepping ~*~*~tactically~*~*~ (stealth).
 21693 | D:11     | 21693 ||| Stepping ~*~*~tactically~*~*~ (stealth).
 21778 | D:11     | 21778 ||| INVOKING Berserk.
 21905 | D:11     | 21905 ||| INVOKING Berserk.
 22009 | D:11     | 22009 ||| Stepping ~*~*~tactically~*~*~ (stealth).
 22010 | D:11     | 22010 ||| Stepping ~*~*~tactically~*~*~ (stealth).
 22026 | D:11     | 22026 ||| INVOKING Berserk.
 22110 | D:11     | 22110 ||| INVOKING Berserk.
 22119 | D:11     | Reached skill level 16 in Shields
 22292 | D:11     | 22292 ||| INVOKING Brothers in Arms.
 22293 | D:11     | 22293 ||| SWAPPING to +3 vampiric morningstar.
 22294 | D:11     | 22294 ||| INVOKING Berserk.
 22294 | D:11     | Noticed Maurice
 22300 | D:11     | 22300 ||| SWAPPING to +3 broad axe of venom.
 22313 | D:11     | Killed Maurice
 22704 | D:11     | 22704 ||| PLANNING D
 22704 | D:11     | 22704 ||| UPGRADING to +0 cloak.
 22709 | D:11     | 22709 ||| READING 2 scrolls of enchant armour.
 22709 | D:11     | 22709 ||| ENCHANTING +0 cloak.
 22710 | D:11     | 22710 ||| READING scroll of enchant armour.
 22710 | D:11     | 22710 ||| ENCHANTING +1 cloak.
 22807 | D:12     | Identified the +7 falchion of Blue Purpose {holy, rElec}
 22889 | D:12     | Noticed Erolcha
 22890 | D:12     | 22890 ||| Stepping ~*~*~tactically~*~*~ (hiding).
 22892 | D:12     | 22892 ||| Stepping ~*~*~tactically~*~*~ (hiding).
 22893 | D:12     | 22893 ||| Stepping ~*~*~tactically~*~*~ (hiding).
 22894 | D:12     | 22894 ||| Stepping ~*~*~tactically~*~*~ (hiding).
 22897 | D:12     | 22897 ||| INVOKING Trog's Hand.
 22898 | D:12     | 22898 ||| INVOKING Berserk.
 22924 | D:12     | Killed Erolcha
 23359 | D:12     | 23359 ||| Stepping ~*~*~tactically~*~*~ (hiding).
 23360 | D:12     | 23360 ||| Stepping ~*~*~tactically~*~*~ (hiding).
 23366 | D:12     | 23366 ||| Stepping ~*~*~tactically~*~*~ (hiding).
 23836 | D:12     | Noticed Azrael
 23837 | D:12     | 23837 ||| Stepping ~*~*~tactically~*~*~ (hiding).
 23843 | D:12     | 23843 ||| INVOKING Berserk.
 23852 | D:12     | Killed Azrael
 23853 | D:12     | Reached skill level 9 in Armour
 23991 | D:12     | Found a portal to a secret trove of treasure.
 24014 | D:12     | 24014 ||| INVOKING Berserk.
 24170 | D:12     | 24170 ||| INVOKING Brothers in Arms.
 24172 | D:12     | 24172 ||| SWAPPING to +3 vampiric morningstar.
 24173 | D:12     | 24173 ||| INVOKING Berserk.
 24180 | D:12     | 24180 ||| SWAPPING to +3 broad axe of venom.
 24353 | D:12     | Noticed Urug
 24354 | D:12     | 24354 ||| Stepping ~*~*~tactically~*~*~ (hiding).
 24358 | D:12     | 24358 ||| INVOKING Berserk.
 24370 | D:12     | Killed Urug
 24517 | D:13     | Noticed Nessos
 24520 | D:13     | Killed Nessos
 24521 | D:13     | 24521 ||| Stepping ~*~*~tactically~*~*~ (hiding).
 24522 | D:13     | 24522 ||| Stepping ~*~*~tactically~*~*~ (hiding).
 24714 | D:13     | 24714 ||| INVOKING Brothers in Arms.
 24715 | D:13     | 24715 ||| INVOKING Brothers in Arms.
 24716 | D:13     | 24716 ||| SWAPPING to +3 vampiric morningstar.
 24717 | D:13     | 24717 ||| INVOKING Berserk.
 24718 | D:13     | Reached skill level 3 in Throwing
 24722 | D:13     | 24722 ||| SWAPPING to +3 broad axe of venom.
 24889 | D:13     | Found Fis Qife's Armour Shoppe.
 24955 | D:13     | 24955 ||| BUYING +1 plate armour of cold resistance (525
                  | gold).
 24955 | D:13     | Bought a +1 plate armour of cold resistance for 525 gold
                  | pieces
 24992 | D:13     | Found Walynoep's Jewellery Emporium.
 25371 | D:13     | 25371 ||| UPGRADING to +1 plate armour of cold resistance.
 25381 | D:13     | 25381 ||| DROPPING quicksilver dragon scales.
 25382 | D:13     | 25382 ||| DRINKING 2 white potions.
 25383 | D:13     | 25383 ||| DROPPING potion of magic.
 25430 | D:14     | 25430 ||| Stepping ~*~*~tactically~*~*~ (hiding).
 25542 | D:14     | 25542 ||| Stepping ~*~*~tactically~*~*~ (hiding).
 25546 | D:14     | 25546 ||| INVOKING Berserk.
 25558 | D:14     | 25558 ||| FLEEEEING.
 25568 | D:14     | 25568 ||| STAIRDANCE
 25711 | D:14     | 25711 ||| Stepping ~*~*~tactically~*~*~ (stealth).
 25955 | D:14     | 25955 ||| Stepping ~*~*~tactically~*~*~ (hiding).
 25958 | D:14     | 25958 ||| INVOKING Berserk.
 25974 | D:14     | Reached skill level 6 in Throwing
 26140 | D:14     | 26140 ||| INVOKING Trog's Hand.
 26153 | D:14     | Reached XP level 15. HP: 94/94 MP: 15/15
 26233 | D:14     | 26233 ||| INVOKING Berserk.
 26242 | D:14     | Reached skill level 15 in Axes
 26350 | D:14     | 26350 ||| INVOKING Trog's Hand.
 26358 | D:14     | 26358 ||| INVOKING Berserk.
 26477 | D:14     | Found a gate to the Vaults.
 26479 | D:14     | 26479 ||| INVOKING Berserk.
 26596 | D:14     | 26596 ||| Stepping ~*~*~tactically~*~*~ (hiding).
 26597 | D:14     | 26597 ||| Stepping ~*~*~tactically~*~*~ (hiding).
 26641 | D:14     | 26641 ||| FLEEEEING.
 26642 | D:14     | 26642 ||| FLEEEEING.
 26643 | D:14     | 26643 ||| FLEEEEING.
 26644 | D:14     | 26644 ||| FLEEEEING.
 26645 | D:14     | 26645 ||| FLEEEEING.
 26646 | D:14     | 26646 ||| FLEEEEING.
 26647 | D:14     | 26647 ||| STAIRDANCE
 26748 | D:13     | 26748 ||| DROPPING +3 scale mail of fire resistance.
 26924 | D:14     | Identified the ring of Fodackim {rC++ rN+ Dex+6}
 27003 | D:14     | 27003 ||| UPGRADING to ring of Fodackim {rC++ rN+ Dex+6}.
 27012 | D:15     | Entered Level 15 of the Dungeon
 27017 | D:15     | 27017 ||| READING scroll of acquirement.
 27017 | D:15     | 27017 ||| ACQUIRING +8 mithril axe "Arga" {speed, Will+}
 27017 | D:15     | Acquired the +8 mithril axe "Arga" {speed, Will+}
 27017 | D:15     | Found the +8 mithril axe "Arga" {speed, Will+}
 27019 | D:15     | 27019 ||| SWAPPING to +8 mithril axe "Arga" {speed, Will+}.
 27020 | D:15     | 27020 ||| DROPPING +3 broad axe of venom.
 27039 | D:15     | 27039 ||| Stepping ~*~*~tactically~*~*~ (hiding).
 27214 | D:15     | 27214 ||| Stepping ~*~*~tactically~*~*~ (hiding).
 27218 | D:15     | 27218 ||| INVOKING Berserk.
 27243 | D:15     | 27243 ||| Stepping ~*~*~tactically~*~*~ (stealth).
 27314 | D:15     | Found a staircase to the Depths.
 27596 | D:15     | Found a runed translucent door.
 27601 | D:15     | Noticed Vuirau's ghost (journeyman DsGl)
 27666 | D:15     | 27666 ||| Stepping ~*~*~tactically~*~*~ (stealth).
 27693 | D:15     | 27693 ||| Stepping ~*~*~tactically~*~*~ (stealth).
 27695 | D:15     | 27695 ||| Stepping ~*~*~tactically~*~*~ (stealth).
 27699 | D:15     | 27699 ||| SWAPPING to +3 vampiric morningstar.
 27701 | D:15     | 27701 ||| INVOKING Berserk.
 27716 | D:15     | 27716 ||| SWAPPING to +8 mithril axe "Arga" {speed, Will+}.
 27851 | D:15     | 27851 ||| Stepping ~*~*~tactically~*~*~ (hiding).
 28016 | D:15     | 28016 ||| Stepping ~*~*~tactically~*~*~ (stealth).
 28022 | D:15     | Reached skill level 12 in Fighting
 28146 | D:15     | 28146 ||| INVOKING Berserk.
 28418 | D:15     | 28418 ||| PLANNING ORC
 28491 | Orc:1    | Entered Level 1 of the Orcish Mines
 28501 | Orc:1    | 28501 ||| Stepping ~*~*~tactically~*~*~ (hiding).
 28502 | Orc:1    | 28502 ||| Stepping ~*~*~tactically~*~*~ (hiding).
 28503 | Orc:1    | 28503 ||| INVOKING Trog's Hand.
 28506 | Orc:1    | 28506 ||| INVOKING Berserk.
 28593 | Orc:1    | 28593 ||| Stepping ~*~*~tactically~*~*~ (stealth).
 28594 | Orc:1    | 28594 ||| Stepping ~*~*~tactically~*~*~ (stealth).
 28595 | Orc:1    | 28595 ||| Stepping ~*~*~tactically~*~*~ (stealth).
 28620 | Orc:1    | 28620 ||| Stepping ~*~*~tactically~*~*~ (hiding).
 28622 | Orc:1    | 28622 ||| Stepping ~*~*~tactically~*~*~ (hiding).
 28625 | Orc:1    | 28625 ||| Stepping ~*~*~tactically~*~*~ (hiding).
 28646 | Orc:1    | Noticed an orc warlord
 28648 | Orc:1    | 28648 ||| Stepping ~*~*~tactically~*~*~ (hiding).
 28649 | Orc:1    | 28649 ||| Stepping ~*~*~tactically~*~*~ (hiding).
 28654 | Orc:1    | 28654 ||| Stepping ~*~*~tactically~*~*~ (stealth).
 28655 | Orc:1    | 28655 ||| INVOKING Berserk.
 28661 | Orc:1    | Killed an orc warlord
 28672 | Orc:1    | Reached ***** piety under Trog
 28691 | Orc:1    | 28691 ||| Stepping ~*~*~tactically~*~*~ (hiding).
 28696 | Orc:1    | 28696 ||| INVOKING Brothers in Arms.
 28911 | Orc:1    | 28911 ||| Stepping ~*~*~tactically~*~*~ (hiding).
 28920 | Orc:1    | 28920 ||| Stepping ~*~*~tactically~*~*~ (stealth).
 28926 | Orc:1    | 28926 ||| Stepping ~*~*~tactically~*~*~ (stealth).
 28930 | Orc:1    | 28930 ||| Stepping ~*~*~tactically~*~*~ (stealth).
 29020 | Orc:2    | Entered Level 2 of the Orcish Mines
 29026 | Orc:2    | 29026 ||| STAIRDANCE
 29036 | Orc:2    | 29036 ||| STAIRDANCE
 29044 | Orc:2    | 29044 ||| STAIRDANCE
 29050 | Orc:2    | Found a staircase to the Elven Halls.
 29100 | Orc:2    | 29100 ||| Stepping ~*~*~tactically~*~*~ (stealth).
 29107 | Orc:2    | Received a gift from Trog
 29161 | Orc:2    | 29161 ||| Stepping ~*~*~tactically~*~*~ (stealth).
 29163 | Orc:2    | 29163 ||| Stepping ~*~*~tactically~*~*~ (hiding).
 29175 | Orc:2    | 29175 ||| Stepping ~*~*~tactically~*~*~ (hiding).
 29176 | Orc:2    | 29176 ||| Stepping ~*~*~tactically~*~*~ (hiding).
 29334 | Orc:2    | 29334 ||| Stepping ~*~*~tactically~*~*~ (hiding).
 29362 | Orc:2    | 29362 ||| INVOKING Berserk.
 29383 | Orc:2    | 29383 ||| INVOKING Brothers in Arms.
 29413 | Orc:2    | 29413 ||| FLEEEEING.
 29414 | Orc:2    | 29414 ||| FLEEEEING.
 29415 | Orc:2    | 29415 ||| FLEEEEING.
 29416 | Orc:2    | 29416 ||| FLEEEEING.
 29417 | Orc:2    | 29417 ||| FLEEEEING.
 29418 | Orc:2    | 29418 ||| FLEEEEING.
 29419 | Orc:2    | 29419 ||| FLEEEEING.
 29420 | Orc:2    | 29420 ||| FLEEEEING.
 29421 | Orc:2    | 29421 ||| FLEEEEING.
 29422 | Orc:2    | 29422 ||| FLEEEEING.
 29423 | Orc:2    | 29423 ||| STAIRDANCE
 29446 | Orc:2    | 29446 ||| FLEEEEING.
 29447 | Orc:2    | 29447 ||| FLEEEEING.
 29448 | Orc:2    | 29448 ||| STAIRDANCE
 29594 | Orc:2    | 29594 ||| Stepping ~*~*~tactically~*~*~ (stealth).
 29652 | Orc:2    | Found Joschecong's Distillery.
 29653 | Orc:2    | Found Zivewnuish's General Store.
 29675 | Orc:2    | 29675 ||| INVOKING Trog's Hand.
 29678 | Orc:2    | 29678 ||| INVOKING Berserk.
 29719 | Orc:2    | 29719 ||| INVOKING Trog's Hand.
 29720 | Orc:2    | 29720 ||| INVOKING Brothers in Arms.
 29721 | Orc:2    | HP: 23/96 [orc knight/+1 glaive of holy wrath (7)]
 29722 | Orc:2    | 29722 ||| READING 14 scrolls of teleportation.
 29723 | Orc:2    | 29723 ||| DRINKING 7 potions of heal wounds.
 29723 | Orc:2    | Mangled by an orc knight

Levels and vault maps discovered:
D:1:      spicycebolla_arrival_xxxplode, layout_loops_cross,
          shapermc_ecumenical_altar_rom_forum
D:2:      layout_basic, uniq_crazy_yiuf_cottage, uniq_robin
D:3:      layout_basic, nicolae_overflow_crystal_walls,
          nicolae_dithmenos_shadow_blocks, serial_shops, nicolae_shop_stone,
          uniq_grinder
D:4:      layout_loops_cross, kiku_gazebo_garden_becter,
          ebering_ghost_inner_flame, uniq_natasha, uniq_ijyb
D:5:      layout_loops_corners, lemuel_crystal_altar, serial_undead,
          serial_undead_f, serial_undead_b, serial_undead_d, serial_undead_a,
          serial_undead_e, serial_undead_d, serial_undead_a, uniq_edmund
D:6:      minmay_general_purpose_star, layout_cave_pods,
          eat_drink_and_be_merry_uskayaw,
          mainiacjoe_overflow_concentric_impassable, serial_shops,
          nicolae_shop_overgrown_old_shop
D:7:      layout_cave_pods, okawaru_gym_becter, temple_statues,
          gammafunk_ghost_abyssal_escape, enter_ossuary_3,
          roderic_serpentine_path
D:8:      layout_cave_pools, minivault_14
D:9:      layout_cave_pools, doesnt_xom_only_xom, erik_lair_island,
          serial_shops, nicolae_diamond_shop, uniq_erica, uniq_pikel,
          uniq_maggie
D:10:     layout_rooms, mainiacjoe_overflow_paths, fedhas_altar_4, uniq_joseph,
          uniq_psyche
D:11:     layout_long_grid, zombieorc2_lemuel, serial_rivers,
          chequers_serial_rivers_micro_a, chequers_serial_rivers_micro_b,
          chequers_serial_rivers_micro_e, chequers_serial_rivers_micro_a,
          chequers_serial_rivers_small_a, chequers_serial_rivers_small_b,
          uniq_maurice
D:12:     layout_gridville, nicolae_trove_entry_crystal, uniq_azrael, uniq_urug,
          uniq_erolcha
D:13:     layout_rooms, serial_shops, nicolae_shop_statue_plus,
          nicolae_stop_n_shop_2, minmay_librarian, uniq_nessos
D:14:     minmay_cut_squares, layout_cave_pools, grunt_vaults_entry_fortified,
          kennysheep_cross_bottleneck
D:15:     grunt_enter_depths_hoard, layout_loops_cross, special_room
          [special_room_bee], ebering_ghost_reflecting_pool,
          hangedman_decor_lopped, minmay_crystal_room
Lair:1:   layout_cave_pods, gammafunk_ghost_wrathful_warriors,
          grunt_megastairs_3
Lair:2:   layout_regular_city, minmay_swamp_entry_worms
Lair:3:   layout_regular_city, hellmonk_spider_entry_life_and_decay,
          gauntlet_entry_generic, minmay_lindwurm_lava
Lair:4:   layout_regular_city, slime_entry_1, minmay_holes,
          infiniplex_staircase_pool, uniq_sonja
Lair:5:   evilmike_catoblepas_cave, layout_cave_pods,
          nicolae_quartered_pool_super
Orc:1:    layout_diamond_mine
Orc:2:    pf_orc_diabolical, layout_caves, serial_shops,
          nicolae_shop_bloodbath_and_beyond, basic_altar

Skill      XL: |  1  2  3  4  5  6  7  8  9 10 11 12 13 14 15 |
---------------+----------------------------------------------+-----
Axes           | 3 4 5 6 9 11 12 14 15 | 15.9
Fighting       | 6 7 8 9 10 11 12 | 12.0
Armour         | 3 5 6 7 8 10 11 | 11.0
Throwing       | 1 2 6 |  6.0
Shields        | 3 9 12 13 14 15 16 | 16.3
Dodging        | 2 3 4 |  4.0

Action                   |  1- 3 |  4- 6 |  7- 9 | 10-12 | 13-15 || total
-------------------------+-------+-------+-------+-------+-------++-------
Melee: Hand axe          |   105 |    93 |   309 |       |       ||   507
       Punch             |     1 |     1 |     3 |       |       ||     5
       Broad axe         |       |       |   125 |   432 |  1114 ||  1671
       Morningstar       |       |       |       |     7 |    27 ||    34
Throw: Boomerang         |     8 |    16 |    18 |    42 |    34 ||   118
       Javelin           |       |    14 |       |       |    31 ||    45
Invok: Berserk           |     3 |     6 |     9 |    24 |    38 ||    80
       Trog's Hand       |       |     1 |       |       |     6 ||     7
       Brothers in Arms  |       |       |       |       |     7 ||     7
  Use: Scroll            |     4 |     4 |    14 |     9 |     6 ||    37
       Potion            |       |     3 |     2 |     2 |     2 ||     9
Armor: Animal skin       |    19 |       |       |       |       ||    19
       Leather armour    |    20 |    22 |       |       |       ||    42
       Ring mail         |       |     8 |       |       |       ||     8
       Quicksilver drago |       |     6 |   198 |   192 |   205 ||   601
       Plate armour      |       |       |       |       |   163 ||   163
Dodge: Dodged            |    72 |    62 |   283 |   154 |   296 ||   867
Block: Tower shield      |       |       |   166 |   394 |  1101 ||  1661
       Reflection        |       |       |       |       |    32 ||    32

Table legend:
 A = Non-vault XP
 B = Vault XP
 C = Vault XP percentage of total XP
 D = Non-vault monster count
 E = Vault monster count
 F = Vault count percentage of total count
                 A         B        C        D         E       F
            +---------+---------+-------+---------+---------+-------
      Total |   75585 |   47271 |  38.5 |     440 |     215 |  32.8
            +---------+---------+-------+---------+---------+-------
        D:1 |      36 |       0 |   0.0 |      18 |       0 |   0.0
        D:2 |     155 |      29 |  15.8 |      24 |       8 |  25.0
        D:3 |      13 |     295 |  95.8 |       7 |       1 |  12.5
        D:4 |     677 |      71 |   9.5 |      29 |       2 |   6.5
        D:5 |     206 |     683 |  76.8 |       6 |      14 |  70.0
        D:6 |     371 |      64 |  14.7 |      13 |       3 |  18.8
        D:7 |     898 |       1 |   0.1 |      13 |       1 |   7.1
        D:8 |    2617 |       0 |   0.0 |      38 |       0 |   0.0
        D:9 |    1274 |    2690 |  67.9 |      23 |      11 |  32.4
       D:10 |    2088 |     787 |  27.4 |      12 |       2 |  14.3
       D:11 |    7439 |    1399 |  15.8 |      20 |      36 |  64.3
       D:12 |    2973 |    3407 |  53.4 |      14 |       7 |  33.3
       D:13 |    5068 |    1529 |  23.2 |      13 |       2 |  13.3
       D:14 |    8892 |   10190 |  53.4 |      21 |      19 |  47.5
       D:15 |    8448 |    4321 |  33.8 |      14 |      28 |  66.7
     Lair:1 |    4138 |     613 |  12.9 |      19 |       2 |   9.5
     Lair:2 |    6858 |     723 |   9.5 |      19 |       3 |  13.6
     Lair:3 |    3191 |     685 |  17.7 |      12 |       3 |  20.0
     Lair:4 |    6323 |     769 |  10.8 |      20 |       1 |   4.8
     Lair:5 |    7334 |   10950 |  59.9 |      27 |      23 |  46.0
      Orc:1 |    4579 |       0 |   0.0 |      48 |       0 |   0.0
      Orc:2 |    2007 |    8065 |  80.1 |      30 |      49 |  62.0
            +---------+---------+-------+---------+---------+-------
